 Dungeon Crawl Stone Soup version 0.27-a0-1384-g1422d76b99 (webtiles) character file.

Game seed: 14598341534026864174

30 inmateoo the Charlatan (level 3, -1/18 HPs)
             Began as a Spriggan Artificer on June 30, 2021.
             Slain by a hobgoblin (3 damage)
             ... on level 1 of the Dungeon.
             The game lasted 00:02:12 (1285 turns).

inmateoo the Charlatan (Spriggan Artificer)         Turns: 1285, Time: 00:02:13

Health: -1/18      AC:  2    Str:  8    XL:     3   Next: 3%
Magic:  4/4        EV: 17    Int: 13    God:
Gold:   38         SH:  0    Dex: 15    Spells: 2/2 levels left

rFire    . . .     SeeInvis +   g - +0 dagger
rCold    . . .     Faith    .   (shield restricted)
rNeg     . . .     Spirit   .   b - +0 robe
rPois    .         Reflect  .   h - +0 hat
rElec    .         Harm     .   (no cloak)
rCorr    .         Rampage  .   (gloves unavailable)
Will     +....                  (boots unavailable)
Stlth    ++........             (no amulet)
HPRegen  0.06/turn              f - ring of willpower
MPRegen  0.09/turn              (no ring)

@: very quick
A: very small, no large weapons, unfitting armour, see invisible, speed 3
a: no special abilities


You were on level 1 of the Dungeon.
You visited 1 branch of the dungeon, and saw 1 of its levels.

You collected 38 gold pieces.

Inventory:

Hand Weapons
 g - a +0 dagger (weapon)
Armour
 b - a +0 robe (worn)
 h - a +0 hat (worn)
Jewellery
 f - a ring of willpower (left hand)
Wands
 c - a wand of flame (13) (quivered)
 d - a wand of charming (14)
Scrolls
 i - a scroll of noise {unknown}
Potions
 a - a potion of haste {unknown}
Miscellaneous
 e - a piece from Xom's chessboard (11/15)


   Skills:
 + Level 1.4 Fighting
 + Level 1.2 Short Blades
 - Level 3.2 Dodging
 * Level 3.5 Stealth
 - Level 4.0 Evocations


You had 2 spell levels left.
You didn't know any spells.
Your spell library was empty.

Dungeon Overview and Level Annotations

Branches:
Dungeon (1/15)

Altars:


Innate Abilities, Weirdness & Mutations

You are very small and have problems with some larger weapons.
You are too small for most types of armour.
You have supernaturally acute eyesight. (SInv)
You cover ground extremely quickly. (Speed+++)


Message History

You hit the frilled lizard but do no damage.
The frilled lizard bites you.
You closely miss the frilled lizard. The frilled lizard closely misses you.
You closely miss the frilled lizard. The frilled lizard misses you.
You barely miss the frilled lizard. The frilled lizard misses you.
You hit the frilled lizard.
You kill the frilled lizard!
You closely miss the hobgoblin. The hobgoblin barely misses you.
You hit the hobgoblin.
The hobgoblin is moderately wounded.
The hobgoblin barely misses you.
You hit the hobgoblin but do no damage.
The hobgoblin is moderately wounded.
You hit the hobgoblin.
The hobgoblin is heavily wounded.
The hobgoblin barely misses you.
You hit the hobgoblin.
The hobgoblin is almost dead.
The hobgoblin completely misses you.
You barely miss the hobgoblin.
The hobgoblin is almost dead.
The hobgoblin barely misses you.
You hit the hobgoblin but do no damage.
The hobgoblin is almost dead.
The hobgoblin closely misses you.
You hit the hobgoblin but do no damage.
The hobgoblin is almost dead.
The hobgoblin hits you.
You hit the hobgoblin but do no damage.
The hobgoblin is almost dead.
The hobgoblin hits you.
* * * LOW HITPOINT WARNING * * *
You are too injured to fight recklessly!
You hit the hobgoblin but do no damage.
The hobgoblin is almost dead.
The hobgoblin closely misses you.
You hit the hobgoblin but do no damage.
The hobgoblin is almost dead.
The hobgoblin hits you.
You die...

#...........
#......##### ####
#......# #...
#......###########.##
#....†...............
####'#############.##
#.# #.# #g# #.# #@#
#.# #+# #.# #.#
#####.# ......#
.......# ........
........ ........


You could see a hobgoblin.

Vanquished Creatures
  A dart slug (D:1)
  3 bats (D:1)
  4 endoplasms (D:1)
  A giant cockroach (D:1)
  3 goblins (D:1)
  2 hobgoblins (D:1)
  5 jackals (D:1)
  A quokka (D:1)
  A frilled lizard (D:1)
  A rat (D:1)
22 creatures vanquished.

Vanquished Creatures (collateral kills)
  A ball python (D:1)
  An endoplasm (D:1)
2 creatures vanquished.

Grand Total: 24 creatures vanquished

Notes
Turn   | Place    | Note
-------+----------+-------------------------------------------
     0 | D:1      | inmateoo the Spriggan Artificer began the quest for the
                  | Orb.
     0 | D:1      | Reached XP level 1. HP: 9/9 MP: 2/2
    21 | D:1      | Reached skill level 1 in Fighting
   542 | D:1      | Reached XP level 2. HP: 14/14 MP: 3/3
   889 | D:1      | Found a faded altar of an unknown god.
  1098 | D:1      | Reached skill level 1 in Short Blades
  1270 | D:1      | Reached XP level 3. HP: 14/18 MP: 4/4
  1285 | D:1      | Slain by a hobgoblin

Illustrated notes

Levels and vault maps discovered:
D:1:      minmay_arrival_cross, layout_basic,
          chequers_ecumenical_altar_simple_redux

Skill      XL: |  1  2 |
---------------+-------+-----
Fighting       | 1 |  1.4
Stealth        | 2 3 |  3.5
Short Blades   | 1 |  1.2
Dodging        | |  3.2
Evocations     | |  4.0

Action                   || total
-------------------------++-------
Melee: Dagger            ||   105
       Club              ||     6
Evoke: Piece from Xom's  ||     5
       Wand              ||     3
 Stab: Sleeping          ||     4
       Petrified         ||     1
       Paralysed         ||     1
Armor: Robe              ||    12
Dodge: Dodged            ||   106

Table legend: (Time is in decaauts)
 A = Elapsed time spent in this place.
 B = Non-inter-level travel time spent in this place.
 C = Inter-level travel time spent in this place.
 D = Time resting spent in this place.
 E = Time spent auto-exploring this place.
 F = Levels seen in this place.
 G = Mean time per level.
                   A        B        C        D        E       F      G
               +--------+--------+--------+--------+--------+-----+--------+
         Total |   1127 |   1127 |      0 |    757 |    158 |   1 | 1127.0 |
       Dungeon |   1127 |   1127 |      0 |    757 |    158 |   1 | 1127.0 |
               +--------+--------+--------+--------+--------+-----+--------+

Top non-repeatable levels by time:
     D:1: 1127 daAuts
